 Dungeon Crawl Stone Soup version 0.30-b1-2-g02819fbbbe (webtiles) character file.

Game seed: 7477150537181319914

376851 Mesmaeker13 the Crack Shot (level 22, -2/184 HPs)
             Began as a Barachi Hunter on Aug 1, 2023.
             Was a High Priest of Okawaru.
             Slain by a vault warden
             ... wielding a +2 glaive of pain
              (54 damage)
             ... on level 1 of the Vaults.
             The game lasted 03:14:46 (55957 turns).

Mesmaeker13 the Crack Shot (Barachi Hunter)        Turns: 55957, Time: 03:14:47

Health: -2/184     AC: 24    Str: 22    XL:     22   Next: 79%
Magic:  34/36      EV: 30    Int: 16    God:    Okawaru [*****.]
Gold:   3466       SH:  0    Dex: 42    Spells: 34/41 levels left

rFire   + + .        a - +5 arbalest (heavy)
rCold   . . .        (shield currently unavailable)
rNeg    + . .        X - +0 fire dragon scales
rPois   +            K - +2 helmet of the Exiled Persimmons {*Corrode Str+7 Dex+4}
rElec   .            s - scarf {repulsion}
rCorr   +            I - +1 pair of gloves {Dex+3}
SInv    +            k - +2 pair of boots
Will    +++..        Z - amulet "Lairiokk" {Acrobat rPois Dex+7 Slay+3}
Stlth   ++           o - ring "Wodwyem" {rC+ rN+ Will+ rCorr}
HPRegen 0.50/turn    V - ring of Arosiqy {Will+ Int+4 Dex+6 SInv}
MPRegen 0.25/turn

%: corrode self (3%), repel missiles, acrobat
@: finesse-ful, unable to hop, studying Air Magic, slow
A: amphibious, slowness 1, strong legs 2, +LOS
}: 2/15 runes: serpentine, barnacled
a: Hop, Renounce Religion, Heroism, Finesse, Duel


You were on level 1 of the Vaults.
You worshipped Okawaru.
Okawaru was extremely pleased with you.
You visited 9 branches of the dungeon, and saw 39 of its levels.
You also visited: Sewer, Bailey and Gauntlet.

You collected 7436 gold pieces.
You spent 3970 gold pieces at shops.

Inventory:

Hand Weapons
 a - a +5 heavy arbalest (weapon)
 t - the +5 triple crossbow of Amortisation {freeze, rF- Int+6 Dex+2}
   (Okawaru gifted it to you on level 5 of the Lair of Beasts)

   Int:       It affects your intelligence (+6).
   Dex:       It affects your dexterity (+2).
   rF:        It makes you vulnerable to fire.
 L - the +17 lance "Wyrmbane" {slay drac, rPois rF+ rC+ AC+3}
   (You found it in a Gauntlet)

   AC:        It affects your AC (+3).
   rF:        It protects you from fire.
   rC:        It protects you from cold.
   rPois:     It protects you from poison.
Missiles
 A - 4 curare-tipped darts
 B - 3 throwing nets
Armour
 k - a +2 pair of boots (worn)
 l - a +1 cloak of willpower
 s - a scarf of repulsion (worn)
 z - the +0 helmet of Aleci {MP+9 Str-3 Dex+2}
   (Okawaru gifted it to you on level 2 of the Orcish Mines)

   Str:       It affects your strength (-3).
   Dex:       It affects your dexterity (+2).
   MP:        It affects your magic capacity (+9).
 I - a +1 pair of gloves of dexterity (worn)
 K - the +2 helmet of the Exiled Persimmons (worn) {*Corrode Str+7 Dex+4}
   (You found it on level 2 of the Elven Halls)

   Str:       It affects your strength (+7).
   Dex:       It affects your dexterity (+4).
   *Corrode:  It may corrode you when you take damage.
 U - a +1 scale mail of willpower
 X - +0 fire dragon scales (worn)
Jewellery
 i - a +6 ring of intelligence
 j - a +4 ring of slaying
 m - the necklace of Bloodlust {Fury *Rage Will++ Int-3 Slay+6}
   (You found it on level 1 of the Vaults)

   [amulet of nothing]

   Fury:      It extends the wearer's berserk rage when killing foes.
   Int:       It affects your intelligence (-3).
   Slay:      It affects your accuracy & damage with ranged weapons and melee
   (+6).
   *Rage:     It berserks you when you make melee attacks (+50% chance).
   Will:      It greatly increases your willpower.
 n - an amulet of reflection
 o - the ring "Wodwyem" (left hand) {rC+ rN+ Will+ rCorr}
   (You found it on level 3 of the Dungeon)

   [ring of willpower]

   rC:        It protects you from cold.
   rN:        It protects you from negative energy.
   rCorr:     It protects you from acid and corrosion.
   Will:      It increases your willpower.
 J - a +5 ring of evasion
 O - the ring "Qamylouw" {rElec rC+ Int-3 SInv}
   (You found it on level 9 of the Dungeon)

   [ring of protection from cold]

   Int:       It affects your intelligence (-3).
   rC:        It protects you from cold.
   rElec:     It insulates you from electricity.
   SInv:      It lets you see invisible.
 V - the ring of Arosiqy (right hand) {Will+ Int+4 Dex+6 SInv}
   (You bought it in a shop on level 2 of the Elven Halls)

   [ring of dexterity]

   Int:       It affects your intelligence (+4).
   Dex:       It affects your dexterity (+6).
   SInv:      It lets you see invisible.
   Will:      It increases your willpower.
 Z - the amulet "Lairiokk" (around neck) {Acrobat rPois Dex+7 Slay+3}
   (You took it off a deep elf high priest on level 3 of the Elven Halls)

   [amulet of the acrobat]

   It increases your evasion while moving and waiting.
   Dex:       It affects your dexterity (+7).
   Slay:      It affects your accuracy & damage with ranged weapons and melee
   (+3).
   rPois:     It protects you from poison.
Wands
 y - a wand of iceblast (25)
 P - a wand of light (10)
 S - a wand of paralysis (25)
 T - a wand of digging (12)
Scrolls
 b - a scroll of amnesia
 g - 6 scrolls of magic mapping
 p - 9 scrolls of fog
 r - 8 scrolls of teleportation
 x - 4 scrolls of blinking
 F - a scroll of poison
 G - 3 scrolls of immolation
 Q - a scroll of silence
Potions
 d - 10 potions of lignification
 e - 16 potions of curing
 f - 6 potions of heal wounds
 h - 3 potions of ambrosia
 q - 7 potions of haste
 u - 3 potions of attraction
 v - 9 potions of flight
 w - 4 potions of cancellation
 D - 4 potions of might
 E - 5 potions of resistance
 N - a potion of brilliance
 W - 2 potions of invisibility
Miscellaneous
 c - a tin of tremorstones (2/2)
 C - a phial of floods


   Skills:
 - Level 18.1 Fighting
 + Level 8.4(8.9) Polearms
 - Level 4.4(7.3) Staves
 + Level 22.3 Ranged Weapons
 + Level 17.0 Armour
 - Level 15.0 Dodging
 - Level 0.8 Stealth
 - Level 10.2 Spellcasting
 - Level 7.4 Necromancy
 - Level 10.0 Transmutations
 + Level 11.1 Earth Magic
 - Level 12.2 Invocations
 - Level 10.2 Evocations


You had 34 spell levels left.
You knew the following spells:

 Your Spells              Type           Power      Damage    Failure   Level
a - Borgnjor's Vile Clut  Necr/Erth      18%        N/A       12%         5
b - Wereblood             Tmut           40%        N/A       1%          2

Your spell library contained the following spells:

 Spells                   Type           Power      Damage    Failure   Level
 Beastly Appendage        Tmut           80%        N/A       1%          1
 Necrotise                Necr           100%       1d9       1%          1
 Sandblast                Erth           86%        2d18      1%          1
 Passwall                 Tmut/Erth      34%        N/A       1%          2
 Sublimation of Blood     Necr           32%        N/A       1%          2
 Sting                    Tmut/Pois      96%        1d7       2%          1
 Vampiric Draining        Necr           32%        2d8       2%          3
 Petrify                  Tmut/Erth      41%        N/A       2%          4
 Lee's Rapid Deconstruct  Erth           21%        3d12*     5%          5
 Stone Arrow              Conj/Erth      50%        3d10      6%          3
 Spider Form              Tmut/Pois      24%        N/A       8%          3
 Cigotuvi's Dreadful Rot  Necr/Pois/Air  32%        N/A       11%         2
 Ignite Poison            Fire/Tmut/Pois 18%        N/A       14%         3
 Freeze                   Ice            32%        1d5       19%         1
 Magic Dart               Conj           32%        1d4       19%         1
 Slow                     Hex            32%        N/A       19%         1
 Leda's Liquefaction      Hex/Erth       12%        N/A       19%         4
 Ice Form                 Ice/Tmut       24%        N/A       24%         4
 Agony                    Necr           32%        N/A       24%         5
 Ensorcelled Hibernation  Hex/Ice        16%        N/A       28%         2
 Poisonous Vapours        Pois/Air       16%        N/A       28%         2
 Scorch                   Fire           16%        2d6       28%         2
 Searing Ray              Conj           16%        2d5       28%         2
 Static Discharge         Conj/Air       16%        2-3/arc   28%         2
 Statue Form              Tmut/Erth      27%        N/A       36%         6
 Anguish                  Hex/Necr       10%        N/A       38%         4
 Confusing Touch          Hex            8%         N/A       50%         3
 Dazzling Flash           Conj/Hex       16%        N/A       50%         3
 Frozen Ramparts          Ice            16%        1d3       50%         3
 Hailstorm                Conj/Ice       8%         3d4       50%         3
 Inner Flame              Hex/Fire       8%         N/A       50%         3
 Mephitic Cloud           Conj/Pois/Air  8%         N/A       50%         3
 Vhi's Electric Charge    Tloc/Air       16%        N/A       50%         3
 Volatile Blastmotes      Fire/Tloc      16%        2d11      50%         3
 Alistair's Intoxication  Tmut/Pois      16%        N/A       56%         5
 Irradiate                Conj/Tmut      12%        3d15      56%         5
 Yara's Violent Unravell  Hex/Tmut       12%        3d7       56%         5
 Cause Fear               Hex            4%         N/A       88%         4
 Flame Wave               Conj/Fire      8%         2d5       88%         4
 Fulminant Prism          Conj/Hex       4%         3d5       88%         4
 Iskenderun's Mystic Bla  Conj/Tloc      8%         2d4       88%         4
 Olgreb's Toxic Radiance  Pois           8%         N/A       88%         4
 Passage of Golubria      Tloc           8%         N/A       88%         4
 Sticky Flame             Conj/Fire      8%         2d3       88%         4
 Dragon Form              Tmut           20%        N/A       95%         7
 Iron Shot                Conj/Erth      12%        9d3       96%         6
 Eringya's Noxious Bog    Tmut/Pois      12%        N/A       98%         6
 Arcjolt                  Conj/Air       4%         1d14      99%         5
 Freezing Cloud           Conj/Ice/Air   4%         6-21      99%         5
 Metabolic Englaciation   Hex/Ice        4%         N/A       99%         5
 Silence                  Hex/Air        4%         N/A       99%         5
 Conjure Ball Lightning   Conj/Air       4%         3x3d6     100%        6
 Plasma Beam              Fire/Air       4%         2x1d15    100%        6
 Storm Form               Tmut/Air       12%        N/A       100%        7
 Discord                  Hex            4%         N/A       100%        8
 Ignition                 Fire           4%         3d4       100%        8
 Lehudib's Crystal Spear  Conj/Erth      12%        10d4      100%        8
 Animate Dead             Necr           Unusable   N/A       N/A         4
 Summon Small Mammal      Summ           Unusable   N/A       N/A         1
 Animate Armour           Summ/Erth      Unusable   N/A       N/A         4
 Call Canine Familiar     Summ           Unusable   N/A       N/A         3
 Summon Guardian Golem    Hex/Summ       Unusable   N/A       N/A         3
 Tukima's Dance           Hex            Unusable   N/A       N/A         3
 Death Channel            Necr           Unusable   N/A       N/A         6
 Simulacrum               Ice/Necr       Unusable   N/A       N/A         6
 Summon Cactus Giant      Summ           Unusable   N/A       N/A         6
 Dragon's Call            Summ           Unusable   N/A       N/A         9

Dungeon Overview and Level Annotations

Branches:
Dungeon (15/15)            Temple (1/1) D:5            Lair (5/5) D:8
 Shoals (4/4) Lair:2        Snake (4/4) Lair:2        Slime (0/5) Lair:4
    Orc (2/2) D:11            Elf (3/3) Orc:2        Vaults (1/5) D:13
 Depths (4/4) D:15            Zot (0/5) Depths:4      Sewer (visited)
 Bailey (visited)         Gauntlet (visited)

Altars:
Ashenzari
Cheibriados
Dithmenos
Elyvilon
Fedhas
Gozag
Hepliaklqana
Kikubaaqudgha
Makhleb
Nemelex Xobeh
Okawaru
Qazlal
Ru
Sif Muna
Trog
Uskayaw
Vehumet
Wu Jian
Xom
Yredelemnul
Zin
The Shining One
Jiyva

Shops:
D:10 [   D:12 :   D:13 ?   Orc:1 !   Orc:2 *[==   Elf:2 =:=   Shoals:2 !
Snake:1 [   Depths:1 (

Portals:
Hell: Depths:1 Depths:2 Depths:3 Depths:4
Abyss: Depths:1 Depths:3
Pandemonium: Depths:2 Depths:3
Ziggurat: Depths:1

Annotations:
D:3 1 runed translucent door, diceflayer's ghost, amateur DsGl
D:11 3 transporters
D:12 1 runed translucent door, MiniNoises's ghost, journeyman NaIE
Depths:1 1 runed translucent door, exclusion: orange crystal statue


Innate Abilities, Weirdness & Mutations

You are amphibious.
You cover ground slowly.
You can hop long distances.
You have an extended range of vision and can be seen from far away.


Message History

Fire: a) +5 arbalest (heavy)
Press: ? - help, Q - select action, (/) - cycle Shift-Dir - straight line, f - ironbound convoker
Aim: an ironbound convoker, wielding a +0 mace and wearing a +0 ring mail (almost dead, 83% to hit)
You shoot a bolt.
The bolt barely misses the ironbound convoker.
The bolt hits the yaktaur!!!
You kill the yaktaur!
Okawaru accepts your kill. The vault warden misses you.
Fire: a) +5 arbalest (heavy)
Press: ? - help, Q - select action, (/) - cycle Shift-Dir - straight line, f/p - ironbound convoker
Aim: an ironbound convoker, wielding a +0 mace and wearing a +0 ring mail (almost dead, 83% to hit)
You shoot a bolt. The bolt hits the ironbound convoker!!!
You kill the ironbound convoker!
Okawaru accepts your kill.
The vault warden activates a sealing rune.
Fire: a) +5 arbalest (heavy)
Press: ? - help, Q - select action, (/) - cycle Shift-Dir - straight line, f - vault warden
Aim: a vault warden, wielding a +2 glaive of pain and wearing a +0 chain mail (strong, 80% to hit)
You shoot a bolt.
The bolt barely misses the vault warden.
The vault warden hits you from afar with a +2 glaive of pain!!
You writhe in agony.
Fire: a) +5 arbalest (heavy)
Press: ? - help, Q - select action, (/) - cycle Shift-Dir - straight line, f/p - vault warden
Aim: a vault warden, wielding a +2 glaive of pain and wearing a +0 chain mail (strong, 80% to hit)
You shoot a bolt. The bolt hits the vault warden!
The vault warden is lightly wounded.
The vault warden hits you from afar with a +2 glaive of pain!!!
* * * LOW HITPOINT WARNING * * *
A large slime creature splits.
The wizard gestures at you while chanting.
The fireball explodes!
The fireball engulfs you! You resist.
* * * LOW HITPOINT WARNING * * *
Unknown command.
Okay, then.
You feel much better.
Two slime creatures merge to form a large slime creature.
The vault warden hits you from afar with a +2 glaive of pain!!!
You die...

...# #############..+
#...#...#...#..#
#=..'...'..|#..#
#:.##...##.)#).#
#?.#.....#.)#JJ#
####.....####[p#
...#...........#p)#
...#...#####...#@.#
...#...........#..#
...####.....####..#
...#..'.....').#..#
...#..##...##).#..#
...#...#...#...#..#
...#...#####...#..#######
...#########''##.........
.........................


You could see a vault warden (strong), a large slime creature, a slime creature
and a wizard.

Vanquished Creatures
  A dread lich (Vaults:1)
  Mara (Snake:3)
  2 juggernauts
  Saint Roka (Elf:2)
  Bai Suzhen (Shoals:4)
  Vashnia (Snake:4)
  3 golden dragons
  Nikola (Snake:4)
  the Enchantress (Depths:3)
  Jorgrun (Shoals:3)
  2 tentacled monstrosities (Depths:3)
  2 walking crystal tomes (Depths:3)
  Mlioglotl (Snake:3)
  3 liches
  3 titans
  3 walking divine tomes
  2 deep elf master archers (Elf:3)
  3 deep elf blademasters
  3 sphinxes
  Polyphemus (Shoals:2)
  A shadow dragon (Depths:4)
  Agnes (Elf:1)
  4 tengu reavers
  Roxanne (Snake:2)
  2 nagarajas (Snake:3)
  Donald (Snake:4)
  Ilsuiw (Shoals:3)
  5 fire giants
  12 frost giants
  9 deep elf sorcerers
  Louise (Shoals:1)
  A balrug (Depths:2)
  A vault warden (Vaults:1)
  2 iron dragons
  Aizul (Elf:2)
  4 deep elf elementalists (Elf:3)
  A draconian scorcher (Depths:4)
  A draconian stormcaller (Depths:4)
  A reaper (Depths:3)
  An orc warlord (Vaults:1)
  An ironbound thunderhulk (Vaults:1)
  5 spriggan defenders
  12 very ugly things
  A vampire knight (Depths:4)
  18 stone giants
  3 deep elf demonologists (Elf:3)
  5 deep elf annihilators (Elf:3)
  3 purple draconians (Depths:4)
  A spark wasp (Depths:3)
  A minotaur (Gauntlet)
  A white draconian (Depths:4)
  Azrael (Elf:2)
  7 deep elf death magi (Elf:3)
  An eidolon (Vaults:1)
  2 yellow draconians (Depths:4)
  6 merfolk impalers
  6 fire dragons
  6 merfolk javelineers
  14 ettins
  Josephine (D:11)
  A great orb of eyes (Gauntlet)
  3 deep elf high priests
  7 salamander tyrants
  6 rakshasas
  7 ice dragons
  4 vault guards (D:13)
  Erolcha (D:12)
  4 anacondas
  6 hydras
  3 spriggan air magi
  3 catoblepae
  7 centaur warriors
  2 boulder beetles
  5 two-headed ogres
  3 merfolk aquamancers (Shoals:4)
  3 satyrs (Shoals:4)
  5 merfolk avatars
  15 death yaks
  8 naga warriors
  2 deep troll shamans
  29 dancing weapons
  5 tengu warriors
  2 shock serpents (Snake:3)
  14 naga sharpshooters
  A shock serpent (shapeshifter) (Depths:3)
  3 spriggan berserkers
  3 hell knights
  2 soul eaters (Depths:3)
  20 deep elf knights
  9 skysharks
  5 skeletal warriors
  2 salamander mystics (Snake:4)
  A swamp dragon (Lair:5)
  A glowing orange brain (shapeshifter) (Elf:3)
  13 sea snakes
  A deep troll (Vaults:1)
  A swamp dragon (shapeshifter) (Depths:4)
  2 flayed ghosts (Vaults:1)
  An obsidian statue (D:15)
  2 ironbound convokers (Vaults:1)
  A wizard (Depths:1)
  24 deep elf pyromancers
  6 orc knights
  11 deep elf archers
  6 naga ritualists
  33 deep elf zephyrmancers
  5 necromancers
  Pikel (D:9)
  2 orc sorcerers
  31 harpies
  9 mana vipers
  11 manticores
  14 ugly things
  36 elephants
  15 salamanders
  A moth of wrath (shapeshifter) (Depths:1)
  10 cyclopes
  An elephant (shapeshifter) (Elf:3)
  8 fauns
  A rust devil (Depths:2)
  13 merfolk sirens
  7 guardian serpents
  A black mamba (shapeshifter) (D:13)
  14 naga magi
  3 water nymphs (Shoals:4)
  A smoke demon (Depths:3)
  37 black mambas
  A gargoyle (D:10)
  An apocalypse crab (Gauntlet)
  11 cane toads
  4 rime drakes
  Maggie (D:10)
  2 yaktaurs
  A minotaur zombie (Gauntlet)
  5 unseen horrors
  3 tengu conjurers
  An efreet (D:13)
  12 komodo dragons
  An ice devil (Depths:2)
  3 freezing wraiths
  A polar bear (shapeshifter) (Elf:2)
  A hellwing (Depths:3)
  29 merfolk
  11 polar bears
  2 trolls
  A raiju (shapeshifter) (Depths:3)
  4 wind drakes
  A blink frog (shapeshifter) (D:15)
  3 hornets (Depths:4)
  24 blink frogs
  2 raiju (Lair:5)
  16 snapping turtles
  13 dream sheep
  A dream sheep (shapeshifter) (Depths:3)
  13 slime creatures
  6 air elementals
  4 large abominations (Depths:3)
  2 centaur simulacra (Gauntlet)
  A ynoxinul (Depths:2)
  2 shadows
  7 spriggans
  16 water elementals
  A vampire (D:13)
  4 fire elementals (Elf:2)
  7 wraiths
  8 small abominations (Depths:3)
  46 yaks
  5 wyverns
  A neqoxec (Depths:2)
  A golden eye (shapeshifter) (Elf:1)
  A chaos spawn (Depths:3)
  7 steam dragons
  8 redbacks (Elf:2)
  2 basilisks (D:14)
  9 vampire mosquitoes
  6 wargs (Lair:5)
  52 nagas
  Duvessa (D:6)
  11 water moccasins
  A floating eye (Depths:3)
  15 hell hounds
  3 acid dragons
  2 swamp drakes (Lair:5)
  2 sky beasts
  40 orc warriors
  2 ice beasts
  11 black bears (Lair:5)
  Pargi (Sewer)
  16 ogres
  22 centaurs
  A lemure (D:9)
  20 wolves
  A kobold brigand (D:4)
  8 bullfrogs
  A gnoll sergeant (D:10)
  4 earth elementals
  A hornet simulacrum (Gauntlet)
  3 wights
  Dowan (D:6)
  6 killer bees
  An electric eel (Lair:2)
  2 jellies (D:8)
  3 hounds
  16 orc priests
  3 gnoll boudas
  Jessica (D:3)
  7 iguanas
  16 orc wizards
  A boggart simulacrum (Gauntlet)
  Robin (D:2)
  2 adders (D:4)
  22 gnolls
  A shadow imp (D:6)
  A white imp (D:7)
  An ufetubus (D:6)
  3 worms
  67 orcs
  2 ball pythons
  5 bats
  8 endoplasms
  4 giant cockroaches
  13 goblins
  7 hobgoblins
  11 jackals
  28 kobolds
  7 quokkas
  4 frilled lizards
  8 rats
1478 creatures vanquished.

Vanquished Creatures (others)
  A sea snake (Shoals:1)
  A necromancer (Depths:2)
  A deep elf zephyrmancer (Elf:2)
  An orc wizard (D:4)
  A giant cockroach (D:4)
  A kobold (D:4)
  55 fungi
  252 plants
313 creatures vanquished.

Grand Total: 1791 creatures vanquished

Notes
Turn   | Place    | Note
-------+----------+-------------------------------------------
     0 | D:1      | Mesmaeker13 the Barachi Hunter began the quest for the Orb.
     0 | D:1      | Reached XP level 1. HP: 17/17 MP: 1/1
   214 | D:1      | Reached XP level 2. HP: 23/23 MP: 2/2
  1037 | D:2      | Reached XP level 3. HP: 29/29 MP: 3/3
  1142 | D:2      | Reached XP level 4. HP: 35/35 MP: 4/4
  1470 | D:2      | Noticed Robin
  1673 | D:2      | Killed Robin
  2097 | D:2      | Reached XP level 5. HP: 30/42 MP: 5/5
  2164 | D:3      | Found an opulent altar of Gozag.
  2216 | D:3      | Reached skill level 5 in Ranged Weapons
  2337 | D:3      | Identified the ring "Wodwyem" {rC+ rN+ Will+ rCorr}
  2376 | D:3      | Found a glowing drain.
  2380 | Sewer    | Entered a sewer
  2404 | Sewer    | Noticed Pargi
  2540 | Sewer    | Killed Pargi
  2541 | Sewer    | Reached XP level 6. HP: 49/49 MP: 6/6
  2599 | D:3      | Found a faded altar of an unknown god.
  2883 | D:3      | Found a runed translucent door.
  2988 | D:3      | Noticed Jessica
  2992 | D:3      | Killed Jessica
  3071 | D:3      | Found a hazy altar of Hepliaklqana.
  3190 | D:3      | Noticed diceflayer's ghost (amateur DsGl)
  3208 | D:3      | Reached skill level 5 in Fighting
  3471 | D:4      | Found a radiant altar of Vehumet.
  3733 | D:4      | Identified the +10 trident "Orb Guardian's Regret"
                  | {distort, +Blink rElec rC- MP+9}
  3852 | D:4      | Reached XP level 7. HP: 36/56 MP: 7/7
  4043 | D:4      | Found an iron altar of Okawaru.
  4183 | D:4      | Reached skill level 5 in Dodging
  4495 | D:4      | Got the Folio of Composition and Effluvium
  4772 | D:4      | Noticed a steam dragon
  4790 | D:4      | Killed a steam dragon
  4791 | D:4      | Reached skill level 6 in Ranged Weapons
  5051 | D:5      | Entered Level 5 of the Dungeon
  5285 | D:5      | Found a staircase to the Ecumenical Temple.
  5294 | Temple   | Entered the Ecumenical Temple
  5488 | D:5      | Reached XP level 8. HP: 65/65 MP: 8/8
  5537 | D:4      | Became a worshipper of Warmaster Okawaru
  5939 | D:5      | Found an ornate altar of the Wu Jian Council.
  6111 | D:6      | Reached skill level 7 in Ranged Weapons
  6245 | D:6      | Noticed Duvessa
  6247 | D:6      | Noticed Dowan
  6261 | D:6      | Killed Duvessa
  6261 | D:6      | Reached * piety under Okawaru
  6267 | D:6      | Killed Dowan
  6370 | D:6      | Found a sacrificial altar of Ru.
  6413 | D:6      | Identified the +3 leather armour of Stoicism {rC+}
  6431 | D:6      | Reached XP level 9. HP: 74/74 MP: 9/9
  6515 | D:6      | Reached skill level 1 in Armour
  6632 | D:6      | Reached ** piety under Okawaru
  6693 | D:6      | Found a shimmering blue altar of Sif Muna.
  6944 | D:6      | Reached skill level 8 in Ranged Weapons
  7092 | D:7      | Found a glowing golden altar of the Shining One.
  7410 | D:8      | Noticed a cyclops
  7425 | D:8      | Killed a cyclops
  7771 | D:8      | Reached skill level 5 in Armour
  7859 | D:8      | Found a staircase to the Lair.
  7963 | D:8      | Reached skill level 9 in Ranged Weapons
  7963 | D:8      | Reached XP level 10. HP: 59/85 MP: 10/10
  8323 | D:9      | Reached skill level 10 in Fighting
  8459 | D:9      | Found a flagged portal.
  8491 | Bailey   | Entered a bailey
  8512 | Bailey   | Reached *** piety under Okawaru
  8640 | Bailey   | Identified the +5 mace of Courage {flame, rN+ SInv}
  8740 | Bailey   | Noticed a two-headed ogre
  8747 | Bailey   | Killed a two-headed ogre
  8747 | Bailey   | Reached **** piety under Okawaru
  8748 | Bailey   | Reached skill level 10 in Ranged Weapons
  8950 | D:9      | Noticed a two-headed ogre
  8958 | D:9      | Killed a two-headed ogre
  8959 | D:9      | Reached XP level 11. HP: 93/93 MP: 11/11
  9000 | D:9      | Identified the ring "Qamylouw" {rElec rC+ Int-3 SInv}
  9315 | D:9      | Found a burning altar of Makhleb.
  9353 | D:9      | Noticed Pikel
  9364 | D:9      | Killed Pikel
  9907 | D:10     | Entered Level 10 of the Dungeon
  9963 | D:10     | Reached ***** piety under Okawaru
  9967 | D:10     | Reached skill level 11 in Ranged Weapons
 10020 | D:10     | Reached skill level 1 in Invocations
 10022 | D:10     | You fall into a shaft and drop 1 floor!
 10077 | D:11     | Received a gift from Okawaru
 10200 | D:10     | Found a stormy altar of Qazlal.
 10215 | D:10     | Noticed Maggie
 10222 | D:10     | Killed Maggie
 10387 | D:10     | Found Zisiq's Armour Boutique.
 10432 | D:10     | Reached skill level 10 in Armour
 10439 | D:10     | Identified the +0 rapier of a Labyrinth {drain, Dex+3}
 10956 | D:11     | Found a transporter.
 10980 | D:11     | Found a transporter.
 11003 | D:11     | Noticed a manticore
 11020 | D:11     | Killed a manticore
 11128 | D:11     | Found a transporter.
 11129 | D:11     | Found a transporter.
 11173 | D:11     | Noticed a cyclops
 11179 | D:11     | Killed a cyclops
 11270 | D:11     | Found a staircase to the Orcish Mines.
 11357 | D:11     | Reached XP level 12. HP: 80/103 MP: 14/14
 11631 | D:11     | Noticed Josephine
 11645 | D:11     | Killed Josephine
 11778 | D:11     | Found a transporter.
 11779 | D:11     | Found a transporter.
 11992 | D:12     | Noticed a centaur warrior
 11997 | D:12     | Killed a centaur warrior
 12194 | D:12     | Found a runed translucent door.
 12194 | D:12     | Found a shimmering altar of Xom.
 12194 | D:12     | Noticed MiniNoises's ghost (journeyman NaIE)
 12213 | D:12     | Noticed Erolcha
 12228 | D:12     | Killed Erolcha
 12275 | D:12     | Received a gift from Okawaru
 12314 | D:12     | Reached skill level 12 in Ranged Weapons
 12436 | D:12     | Noticed a boulder beetle
 12466 | D:12     | Killed a boulder beetle
 12657 | D:12     | Received a gift from Okawaru
 12753 | D:12     | Found Refaaq's Tiny Tomes.
 12861 | D:12     | Noticed a two-headed ogre
 12867 | D:12     | Killed a two-headed ogre
 12868 | D:12     | Reached skill level 5 in Invocations
 13403 | D:13     | Noticed a five-headed hydra
 13406 | D:13     | Killed a five-headed hydra
 13406 | D:13     | Reached ****** piety under Okawaru
 13407 | D:13     | Reached skill level 1 in Evocations
 13431 | D:13     | Noticed a two-headed ogre
 13442 | D:13     | Killed a two-headed ogre
 13623 | D:13     | Received a gift from Okawaru
 13859 | D:13     | Gained mutation: You can hop long distances. [Barachi
                  | growth]
 13859 | D:13     | Reached XP level 13. HP: 113/113 MP: 17/17
 13859 | D:13     | Noticed a vault guard
 13875 | D:13     | Killed a vault guard
 13912 | D:13     | Noticed a vault guard
 13925 | D:13     | Killed a vault guard
 13925 | D:13     | Received a gift from Okawaru
 14004 | D:13     | Noticed a vault guard
 14011 | D:13     | Killed a vault guard
 14039 | D:13     | Identified the +8 quarterstaff of Lies {antimagic, Will+}
 14378 | Lair:1   | Entered Level 1 of the Lair of Beasts
 15204 | Lair:2   | Found a staircase to the Shoals.
 15300 | Lair:2   | Received a gift from Okawaru
 15353 | Lair:2   | Reached skill level 13 in Ranged Weapons
 15631 | Lair:2   | Found a staircase to the Snake Pit.
 15674 | Lair:2   | Reached skill level 5 in Evocations
 16201 | Lair:2   | Reached skill level 15 in Fighting
 16507 | Lair:3   | Received a gift from Okawaru
 16722 | Lair:3   | Reached XP level 14. HP: 122/123 MP: 19/19
 18386 | Lair:4   | Identified the +3 bardiche "Owais" {flame, Stlth+} (Okawaru
                  | gifted it to you on level 4 of the Lair of Beasts)
 18386 | Lair:4   | Received a gift from Okawaru
 18608 | Lair:4   | Found a viscous altar of Jiyva.
 18608 | Lair:4   | Found a staircase to the Slime Pits.
 19220 | Lair:5   | Entered Level 5 of the Lair of Beasts
 19327 | Lair:5   | Identified the +5 triple crossbow of Amortisation {freeze,
                  | rF- Int+6 Dex+2} (Okawaru gifted it to you on level 5 of
                  | the Lair of Beasts)
 19327 | Lair:5   | Received a gift from Okawaru
 19366 | Lair:5   | Reached skill level 14 in Ranged Weapons
 20112 | Lair:5   | Received a gift from Okawaru
 20113 | Lair:5   | Reached XP level 15. HP: 107/131 MP: 21/21
 23012 | Orc:1    | Entered Level 1 of the Orcish Mines
 23176 | Orc:2    | Entered Level 2 of the Orcish Mines
 23527 | Orc:1    | Found Camoarphias's Distillery.
 23745 | Orc:2    | Reached skill level 15 in Armour
 23857 | Orc:2    | Found a staircase to the Elven Halls.
 23927 | Orc:2    | Identified the +0 helmet of Aleci {MP+9 Str-3 Dex+2}
                  | (Okawaru gifted it to you on level 2 of the Orcish Mines)
 23927 | Orc:2    | Received a gift from Okawaru
 24596 | Orc:2    | Found a bloodstained altar of Trog.
 24742 | Orc:2    | Found Ypin's Jewellery Shoppe.
 24742 | Orc:2    | Found Ebumpawa's Armour Shop.
 24745 | Orc:2    | Found Timoth's Assorted Antiques.
 24747 | Orc:2    | Found Bivulato's Jewellery Emporium.
 24752 | Orc:2    | Bought a +2 pair of boots for 198 gold pieces
 24766 | Orc:2    | Bought a scroll of identify for 56 gold pieces
 25653 | D:14     | Reached skill level 1 in Staves
 25777 | D:13     | Found Syineec's Magic Scroll Shop.
 25780 | D:13     | Bought a scroll of identify for 30 gold pieces
 25780 | D:13     | Bought a scroll of identify for 30 gold pieces
 25781 | D:13     | Identified a scroll of acquirement
 25784 | D:13     | Acquired 1146 gold pieces
 25800 | D:13     | Reached XP level 16. HP: 135/141 MP: 23/23
 25965 | Orc:2    | Bought a ring of fire for 375 gold pieces
 26190 | D:13     | Found a gate to the Vaults.
 26237 | D:13     | Reached skill level 15 in Ranged Weapons
 26793 | D:14     | Reached skill level 10 in Invocations
 26800 | D:14     | Reached skill level 10 in Evocations
 27058 | D:14     | Found a shadowy altar of Dithmenos.
 27109 | D:15     | Entered Level 15 of the Dungeon
 27293 | D:15     | Found a basalt altar of Yredelemnul.
 27345 | D:15     | Found a gate leading to a gauntlet.
 27355 | Gauntlet | Entered a Gauntlet
 27355 | Gauntlet | Found a transporter.
 27355 | Gauntlet | Found a transporter.
 27358 | Gauntlet | Found a transporter.
 27358 | Gauntlet | Found a transporter.
 27370 | Gauntlet | Found a transporter.
 27377 | Gauntlet | Found a transporter.
 27382 | Gauntlet | Found a transporter.
 27383 | Gauntlet | Found a transporter.
 27386 | Gauntlet | Found a transporter.
 27389 | Gauntlet | Found a transporter.
 27422 | Gauntlet | Found a transporter.
 27439 | Gauntlet | Found a transporter.
 27447 | Gauntlet | Found a transporter.
 27500 | Gauntlet | Found a transporter.
 27598 | Gauntlet | Found a transporter.
 27613 | Gauntlet | Found a transporter.
 27815 | Gauntlet | Identified the +4 arbalest of the Burning Eel {flame, rN+
                  | Str+4}
 27864 | Gauntlet | Identified the ring of Wusagg {rPois rC- Dex+6}
 27907 | Gauntlet | Found the +8 lance "Wyrmbane" {slay drac, rPois rF+ rC+
                  | AC+3}
 27912 | Gauntlet | Got the Tractate on Stony Aeromancy
 28431 | D:15     | Found a staircase to the Depths.
 29189 | Lair:1   | Learned a level 5 spell: Borgnjor's Vile Clutch
 29244 | Snake:1  | Entered Level 1 of the Snake Pit
 29716 | Snake:1  | Reached skill level 1 in Earth Magic
 29768 | Snake:1  | Received a gift from Okawaru
 29769 | Snake:1  | Reached skill level 1 in Necromancy
 30397 | Snake:1  | Found Xaykus's Antique Armour Boutique.
 30402 | Snake:1  | Bought a pair of faintly humming gloves for 408 gold pieces
 30402 | Snake:1  | Identified the +0 pair of gloves of New Discoveries {+Blink
                  | rCorr Int+3} (You bought it in a shop on level 1 of the
                  | Snake Pit)
 30683 | Snake:2  | Noticed Roxanne
 30692 | Snake:2  | Killed Roxanne
 31443 | Snake:3  | Noticed Mara
 31452 | Snake:3  | Killed Mara
 31452 | Snake:3  | Identified the +6 scale mail of the Beekeeper {Regen+ Str+3
                  | Int+3 Dex-5} (Okawaru gifted it to you on level 3 of the
                  | Snake Pit)
 31452 | Snake:3  | Received a gift from Okawaru
 31580 | Snake:3  | Reached XP level 17. HP: 134/148 MP: 25/25
 32446 | Snake:3  | Reached skill level 16 in Ranged Weapons
 32492 | Snake:4  | Entered Level 4 of the Snake Pit
 32615 | Snake:4  | Reached skill level 5 in Earth Magic
 32719 | Snake:4  | Identified the +9 plate armour of Clean Knowledge {rCorr}
 32782 | Snake:4  | Noticed Donald
 32783 | Snake:4  | Killed Donald
 32831 | Snake:4  | Noticed Nikola
 33291 | Snake:4  | Noticed Vashnia
 33310 | Snake:4  | Reached skill level 5 in Necromancy
 33427 | Snake:4  | Killed Vashnia
 33566 | Snake:4  | Killed Nikola
 33892 | Snake:4  | Noticed Mlioglotl
 33901 | Snake:4  | Noticed a hellephant
 33905 | Snake:3  | Killed Mlioglotl
 34107 | Snake:4  | Received a gift from Okawaru
 34114 | Snake:4  | Reached skill level 10 in Dodging
 34691 | Snake:4  | HP: 6/148 [salamander tyrant (32)]
 34988 | Snake:4  | Reached XP level 18. HP: 155/155 MP: 26/26
 35063 | Snake:4  | Got a serpentine rune of Zot
 35497 | Orc:2    | Bought a +4 ring mail of fire resistance for 372 gold
                  | pieces
 35750 | Shoals:1 | Entered Level 1 of the Shoals
 35756 | Shoals:1 | Noticed Louise
 35948 | Shoals:1 | Killed Louise
 36067 | Shoals:1 | Identified the +9 plate armour "Etuoluirpho" {rN+}
 36861 | Shoals:2 | Noticed Polyphemus
 37118 | Shoals:2 | Identified the ring of Ettaym {rCorr Int+2}
 37243 | Shoals:2 | Found Mimen's Distillery.
 37256 | Shoals:2 | Bought a potion of heal wounds for 75 gold pieces
 37256 | Shoals:2 | Bought a potion of lignification for 45 gold pieces
 37286 | Shoals:2 | Killed Polyphemus
 37286 | Shoals:2 | Received a gift from Okawaru
 37287 | Shoals:2 | Reached skill level 1 in Spellcasting
 37675 | Shoals:3 | Identified the +3 scale mail "Ecrounaf" {rN+} (Okawaru
                  | gifted it to you on level 3 of the Shoals)
 37675 | Shoals:3 | Received a gift from Okawaru
 37998 | Shoals:3 | Noticed Jorgrun
 38000 | Shoals:3 | Reached skill level 17 in Ranged Weapons
 38021 | Shoals:3 | Killed Jorgrun
 38036 | Shoals:3 | Noticed Ilsuiw
 38495 | Shoals:3 | Learned a level 2 spell: Wereblood
 38676 | Shoals:3 | Reached skill level 1 in Transmutations
 38769 | Shoals:3 | Killed Ilsuiw
 39026 | Shoals:4 | Entered Level 4 of the Shoals
 39079 | Shoals:4 | Identified the staff of poison "Humocecych" {rPois Int+5}
 39134 | Shoals:4 | Reached XP level 19. HP: 161/161 MP: 28/28
 39804 | Shoals:4 | Received a gift from Okawaru
 39998 | Shoals:4 | Got a barnacled rune of Zot
 40060 | Shoals:4 | Reached skill level 5 in Spellcasting
 40552 | Shoals:4 | Noticed Bai Suzhen
 40566 | Shoals:4 | Killed Bai Suzhen
 40970 | Elf:1    | Entered Level 1 of the Elven Halls
 40977 | Orc:2    | Paralysed by an air elemental for 1 turns
 40984 | Elf:1    | Paralysed by an air elemental for 1 turns
 40989 | Orc:2    | Paralysed by an air elemental for 1 turns
 40991 | Orc:2    | Paralysed by an air elemental for 1 turns
 41130 | Elf:1    | Reached skill level 5 in Transmutations
 41649 | Elf:1    | Identified the +0 pair of gloves of the King of Swords
                  | {Int+3}
 41656 | Elf:1    | Found an ancient bone altar of Kikubaaqudgha.
 41771 | Elf:1    | Noticed Agnes
 42318 | Elf:1    | Killed Agnes
 42318 | Elf:1    | Identified the +0 ring mail of Dramatic Exits {Will+}
                  | (Okawaru gifted it to you on level 1 of the Elven Halls)
 42318 | Elf:1    | Received a gift from Okawaru
 42519 | Elf:1    | Identified the scarf of Qocef {repulsion, rN+ Dex+3}
 43762 | Elf:2    | Reached skill level 18 in Ranged Weapons
 43943 | Elf:2    | Noticed Azrael
 43947 | Elf:2    | Killed Azrael
 44242 | Elf:2    | Noticed Saint Roka
 44260 | Elf:2    | Killed Saint Roka
 44518 | Elf:2    | Reached XP level 20. HP: 150/169 MP: 30/30
 44622 | Elf:2    | Found a runed translucent gate.
 44623 | Elf:2    | Found a runed translucent gate.
 44624 | Elf:2    | Found a runed translucent gate.
 44634 | Elf:2    | Noticed Aizul
 44645 | Elf:2    | Killed Aizul
 44891 | Elf:2    | Identified the +2 helmet of the Exiled Persimmons {*Corrode
                  | Str+7 Dex+4}
 44907 | Elf:2    | Found Jaacip's Jewellery Boutique.
 44907 | Elf:2    | Found Cohexaum's Book Emporium.
 44908 | Elf:2    | Found Wim Qih's Jewellery Boutique.
 44921 | Elf:2    | Bought a manual of Ranged Weapons for 1280 gold pieces
 44925 | Elf:2    | Bought the ring of Arosiqy {Will+ Int+4 Dex+6 SInv} for
                  | 1101 gold pieces
 45823 | Elf:3    | Entered Level 3 of the Elven Halls
 46061 | Elf:3    | Identified the +2 spear of Strategic Superiority {flame,
                  | +Blink Dex-2 SInv Stlth+}
 46258 | Elf:3    | Received a gift from Okawaru
 46263 | Elf:3    | Identified the ring "Oroyrpha" {MP+9 Str+6 Stlth+}
 46292 | Elf:3    | Reached skill level 19 in Ranged Weapons
 47309 | Elf:3    | Identified the amulet "Lairiokk" {Acrobat rPois Dex+7
                  | Slay+3}
 47352 | Elf:3    | Identified the +5 broad axe "Transmigrator" {heavy, Will++}
 47462 | Elf:3    | Identified the ring of Ubbocze {Fire rElec rPois Str+4
                  | Slay+2}
 47507 | Elf:3    | Got the Catalogue of Atmospheric Amathomancy
 47529 | Elf:3    | Got Meess's Spellbook of Shocking Open Graves
 47531 | Elf:3    | Identified the +0 pair of gloves of the Unstoppable Seas
                  | {rPois}
 48117 | Depths:1 | Entered Level 1 of the Depths
 48204 | Depths:1 | Found a one-way gateway to a ziggurat.
 48225 | Depths:1 | Reached XP level 21. HP: 175/175 MP: 34/34
 48360 | Depths:1 | Reached skill level 1 in Polearms
 48431 | Depths:1 | Found a gateway to Hell.
 48608 | Depths:1 | Found Comoaquysa's Weapon Emporium.
 48666 | Depths:1 | Found a runed translucent door.
 48731 | Depths:1 | Found a one-way gate to the infinite horrors of the Abyss.
 48742 | Depths:1 | Reached skill level 15 in Dodging
 48742 | Depths:1 | Reached skill level 10 in Transmutations
 48964 | Depths:2 | Identified the +6 quarterstaff of Cup {flame, rN+ Stlth+}
                  | (Okawaru gifted it to you on level 2 of the Depths)
 48964 | Depths:2 | Received a gift from Okawaru
 48970 | Depths:2 | Identified the +0 ring mail "Amastri" {rCorr Int+3}
 49030 | Depths:2 | Reached skill level 20 in Ranged Weapons
 49033 | Depths:2 | Found a one-way gate leading to the halls of Pandemonium.
 49165 | Depths:2 | Reached skill level 10 in Spellcasting
 49334 | Depths:2 | Noticed a golden dragon
 49368 | Depths:2 | Killed a golden dragon
 50904 | Depths:3 | Noticed a juggernaut
 50917 | Depths:3 | Killed a juggernaut
 51108 | Depths:3 | Noticed the Enchantress
 51115 | Depths:2 | Received a gift from Okawaru
 51237 | Depths:3 | Reached skill level 5 in Polearms
 51674 | Depths:3 | Killed the Enchantress
 51923 | Depths:3 | Reached skill level 21 in Ranged Weapons
 52222 | Depths:3 | Reached XP level 22. HP: 184/184 MP: 36/36
 52278 | Depths:3 | Received a gift from Okawaru
 52494 | Depths:3 | Noticed a golden dragon
 52508 | Depths:3 | Killed a golden dragon
 53062 | Depths:4 | Entered Level 4 of the Depths
 53068 | Depths:4 | Reached skill level 10 in Earth Magic
 53870 | Depths:4 | Noticed a golden dragon
 53886 | Depths:4 | Killed a golden dragon
 53967 | Depths:4 | Found a gate to the Realm of Zot.
 53992 | Depths:4 | Reached skill level 22 in Ranged Weapons
 54033 | Depths:4 | Noticed a juggernaut
 54134 | Depths:4 | Killed a juggernaut
 54467 | Depths:4 | Found a broken altar of Ashenzari.
 54932 | Depths:3 | Identified the +7 quarterstaff "Cowof" {spect, rElec Will+
                  | Stlth+}
 55501 | Vaults:1 | Entered Level 1 of the Vaults
 55799 | Vaults:1 | Noticed a dread lich
 55799 | Vaults:1 | Found the necklace of Bloodlust {Fury *Rage Will++ Int-3
                  | Slay+6}
 55811 | Vaults:1 | Killed a dread lich
 55842 | Vaults:1 | Identified the +5 mace "Savaw" {spect, MP+9}
 55951 | Vaults:1 | Received a gift from Okawaru
 55957 | Vaults:1 | Slain by a vault warden

Illustrated notes

Levels and vault maps discovered:
D:1:      tarquinn_simple_flora_water_f, layout_basic
D:2:      layout_loops_corners, uniq_robin
D:3:      layout_loops_corners, old_standard_altar,
          nicolae_hepliaklqana_hazy_memory, ebering_ghost_reflecting_pool,
          gup_sewer_entry_bowl, shapermc_ecumenical_altar_notcrosses,
          uniq_jessica
D:4:      kennysheep_kobold_camp, layout_rooms, vehumet_crystals,
          okawaru_gym_becter, interstate_on_off, minmay_pentangle
D:5:      layout_loops_ring, nzn_wu_jian_contemplation,
          minmay_temple_entry_glassed_door
D:6:      layout_basic, nicolae_ru_awakened_eye, led_sif_pool, uniq_duvessa
D:7:      layout_basic, amcnicky_altar_gilded
D:8:      layout_basic, lair_entry_dummy, columned_hall_lemuel
D:9:      layout_loops_ring, lightli_temple_of_fire, enter_bailey_7,
          minmay_fountain_box, uniq_pikel
D:10:     layout_irregular_city, grunt_qazlal_clouds, serial_shops,
          nicolae_shop_temple_entry_statues_fountains, uniq_maggie
D:11:     layout_long_grid, minmay_orc_entry_temple_large,
          serial_nicolae_subway, nicolae_sub_station_metal,
          nicolae_sub_station_stone, nicolae_sub_station_crystal, uniq_josephine
D:12:     layout_cave_pods, ebering_ghost_xom, minmay_misc_feat_more_columns,
          nicolae_shop_i_like_small_books_too, amcnicky_mini_pool_small,
          uniq_erolcha
D:13:     layout_loops_ring, lightli_vaults_fourway_checkpoint, serial_shops,
          kennysheep_mini_moat
D:14:     layout_loops_ring, grunt_dithmenos_shadows
D:15:     grunt_enter_depths_snipers, layout_loops_corners,
          yredelemnul_altar_generic, gauntlet_entry_generic,
          minmay_protected_statue
Temple:   minmay_temple_bridge_abc
Lair:1:   layout_regular_city
Lair:2:   layout_long_grid, shoals_dummy_entry,
          minmay_snake_entry_guardpost_large, infiniplex_staircase_pool,
          serial_bayou_shore_a
Lair:3:   layout_layer_cave, grunt_megastairs_5
Lair:4:   layout_long_grid, slime_entry_1, st_stairs_10, lemuel_fruit_tree
Lair:5:   guppyfry_lair_end_dragon, layout_regular_city,
          hangedman_lair_caniforms_friends
Shoals:1: layout_shoals, centaur_isle, uniq_louise
Shoals:2: layout_shoals, serial_shops, nicolae_shop_rolling_square,
          uniq_polyphemus
Shoals:3: layout_shoals, uniq_jorgrun, uniq_ilsuiw
Shoals:4: shoals_end_hangedman, layout_shoals, uniq_bai_suzhen
Snake:1:  layout_basic, serial_shops, shop, grunt_ministairs_15
Snake:2:  layout_rooms, uniq_roxanne
Snake:3:  layout_chambers, nicolae_snake_guarding_the_ruins, uniq_mara
Snake:4:  johnstein_snake_rune_scales, layout_cave_town, grunt_megastairs_2,
          uniq_nikola, uniq_vashnia, uniq_donald, uniq_mlioglotl
Orc:1:    layout_caves, serial_shops, shop, mines1_david
Orc:2:    st_orc_rangers, layout_caves, basic_altar
Elf:1:    nicolae_elf_arrival_aired_out, layout_gridlike, basic_altar,
          hangedman_elf_represent, grunt_megastairs_4, uniq_agnes
Elf:2:    elven_hall_of_blades_hangedman_original
          [infiniplex_blade_entry_pillars], layout_onion_city, drop_trap,
          minmay_shop_grove, uniq_saint_roka, uniq_aizul, uniq_azrael
Elf:3:    grunt_elf_hall_asides, layout_rooms
Vaults:1: nicolae_vaults_network_quinsquares
          [nicolae_vaults_network_quincunx_subvault,
          nicolae_vaults_network_quincunx_subvault,
          nicolae_vaults_network_quincunx_subvault,
          nicolae_vaults_network_quincunx_subvault],
          nicolae_vaults_you_can_take_it_with_you, v_misc_16,
          dpeg_vaults_monster_box, nicolae_vaults_little_squares_3,
          nicolae_vaults_triangles, nicolae_vaults_tetromino_T_1,
          ontoclasm_vaults_ring_small, hangedman_vaults_trim,
          layout_vaults_quadrants, serial_shops, shop
Depths:1: layout_gridlike, enter_ziggurat_b, serial_shops,
          nicolae_shop_advertising_works [nicolae_subvault_shop_adworks],
          hangedman_abyss_entry_splay, hell_entry, serial_sigils_hangedman_gnaw,
          grunt_ministairs_6, minmay_crystal_box
Depths:2: kennysheep_cluttered_fort, layout_honeycomb,
          grunt_hell_entry_dis_grunt, small_statue_intersection,
          rand_demon_pan_entry_9, fountainhead, minmay_staircase_bubble
Depths:3: angbandy_vault, layout_gridlike, minmay_room_of_horrors,
          rand_demon_pan_entry_3, hell_entry, firewood_loft,
          infiniplex_staircase_diamond, uniq_enchantress
Depths:4: grunt_zot_entry_alcove, layout_honeycomb, grunt_decor_arrowhead,
          hell_entry, ashenzari_altar_1

Skill      XL: |  1  2  3  4  5  6  7  8  9 10 11 12 13 14 15 16 17 18 19 20 21 22 |
---------------+-------------------------------------------------------------------+-----
Fighting       | 3 4 5 6 8 9 11 12 14 15 16 17 18 | 18.1
Dodging        | 3 4 5 7 8 10 11 13 14 15 | 15.0
Ranged Weapons | 5 6 7 9 10 11 12 13 14 15 16 17 18 19 21 22 | 22.3
Armour         | 5 8 10 11 13 14 15 17 | 17.0
Invocations    | 3 5 7 8 9 10 11 12 | 12.2
Evocations     | 2 5 7 9 10 | 10.2
Staves         | 2 4 |  4.4
Earth Magic    | 3 6 8 9 11 | 11.1
Necromancy     | 3 5 7 |  7.4
Spellcasting   | 4 7 9 10 | 10.2
Transmutations | 1 6 9 10 | 10.0
Polearms       | 6 8 |  8.4
Stealth        | |  0.8

Action                     |  1- 3 |  4- 6 |  7- 9 | 10-12 | 13-15 | 16-18 | 19-21 | 22-24 || total
---------------------------+-------+-------+-------+-------+-------+-------+-------+-------++-------
  Melee: Dagger            |       |       |    26 |       |       |       |       |       ||    26
         Whip              |       |       |    12 |       |       |       |       |       ||    12
         Short sword       |       |       |    54 |       |       |       |       |       ||    54
         Punch             |       |       |     1 |     1 |       |       |     4 |       ||     6
         Mace              |       |       |       |   115 |     4 |       |       |       ||   119
         Quarterstaff      |       |       |       |       |       |    33 |       |       ||    33
         Lance             |       |       |       |       |       |       |    78 |    20 ||    98
   Fire: Shortbow          |    74 |   261 |   195 |       |       |       |       |       ||   530
         Longbow           |       |       |    44 |   506 |       |       |       |       ||   550
         Arbalest          |       |       |       |    50 |  1021 |   729 |  1002 |   237 ||  3039
         Triple crossbow   |       |       |       |       |       |   259 |       |       ||   259
  Throw: Dart              |       |       |     1 |       |       |       |       |       ||     1
         Throwing net      |       |       |     1 |       |       |       |       |       ||     1
   Cast: Wereblood         |       |       |       |       |       |       |     8 |       ||     8
         Borgnjor's Vile C |       |       |       |       |       |       |    14 |     5 ||    19
 Invoke: Heroism           |       |       |     2 |     4 |     5 |     6 |     4 |       ||    21
         Finesse           |       |       |       |       |     7 |     8 |    17 |     3 ||    35
Ability: Hop               |     1 |     3 |     5 |    16 |    27 |    17 |    13 |     7 ||    89
  Evoke: Wand              |       |       |       |    13 |     5 |    25 |    14 |       ||    57
         Tin of tremorston |       |       |       |       |     1 |     3 |     2 |       ||     6
         Phial of floods   |       |       |       |       |       |     1 |     2 |       ||     3
    Use: Potion            |     1 |       |     3 |       |     3 |     4 |    10 |     2 ||    23
         Scroll            |       |     1 |     2 |     3 |    18 |    14 |    15 |     2 ||    55
   Stab: Paralysed         |       |       |       |    13 |       |       |       |       ||    13
         Sleeping          |       |       |       |     1 |       |       |     1 |       ||     2
         Distracted        |       |       |       |       |       |     1 |       |       ||     1
 Armour: Leather armour    |    10 |    30 |    34 |    47 |   166 |    74 |       |       ||   361
         Skin              |       |       |     2 |       |       |       |       |       ||     2
         Ring mail         |       |       |       |       |       |    87 |   173 |       ||   260
         Fire dragon scale |       |       |       |       |       |       |    16 |    29 ||    45
  Dodge: Dodged            |    33 |    75 |   153 |   324 |   746 |   669 |   668 |   125 ||  2793
         Repelled          |       |       |       |       |       |    14 |    24 |     3 ||    41
  Block: Other             |       |       |    31 |    89 |   178 |   131 |    86 |       ||   515
         Reflection        |       |       |     1 |     9 |    26 |    25 |    13 |       ||    74
